 Dungeon Crawl Stone Soup version 0.31.0-9-g3a7656b989 (webtiles) character file.

Game seed: 10959429962706982042

60 qw the Shooter (level 3, 0/18 HPs)
             Began as a Spriggan Hunter on Feb 2, 2024.
             Succumbed to their own poison gas
             ... on level 2 of the Dungeon.
             The game lasted 00:00:04 (1254 turns).

qw the Shooter (Spriggan Hunter)                    Turns: 1254, Time: 00:00:05

Health: 0/18       AC:  5    Str:  7    XL:     3   Next: 82%
Magic:  4/4        EV: 19    Int: 10    God:
Gold:   104        SH:  0    Dex: 20    Spells: 2/2 levels left

rFire   . . .        a - +0 shortbow
rCold   . . .        (shield currently unavailable)
rNeg    . . .        c - +0 robe
rPois   .            (helmet restricted)
rElec   .            h - +2 cloak
rCorr   .            (gloves unavailable)
SInv    +            (boots unavailable)
Will    .....        (no amulet)
Stlth   ++           (no ring)
HPRegen 0.23/turn    (no ring)
MPRegen 0.09/turn

%: no passive effects
@: lethally poisoned (0 -> -5), very quick
A: very small, no large weapons, unfitting armour, see invisible, speed 3
a: no special abilities


You were on level 2 of the Dungeon.
You visited 1 branch of the dungeon, and saw 2 of its levels.

You collected 104 gold pieces.


Innate Abilities, Weirdness & Mutations

You are very small and have problems with some larger weapons.
You are too small for most types of armour.
You have supernaturally acute eyesight. (SInv)
You cover ground extremely quickly. (Speed+++)


   Skills:
 - Level 1.5 Fighting
 - Level 5.0 Ranged Weapons
 + Level 4.0 Dodging
 - Level 1.5 Stealth


You had 2 spell levels left.
You didn't know any spells.
Your spell library was empty.

Inventory:

Hand Weapons
 a - a +0 shortbow (weapon)
Armour
 c - a +0 robe (worn)
 h - a +2 cloak (worn)
Potions
 d - a potion of enlightenment {unknown}
 g - a potion of haste {unknown}
 i - a potion of curing {unknown}
 l - a potion of berserk rage {unknown}
 m - a potion of brilliance {unknown}

Dungeon Overview and Level Annotations

Branches:
Dungeon (2/15)

Altars:


Message History

1244 ||| READING scroll labelled REPPIE ZOULADD.
The air fills with toxic fumes!
As you read the scroll labelled REPPIE ZOULADD, it crumbles to dust.
It was a scroll of poison.
Done exploring.
1245 ||| READING 2 scrolls labelled BINEQUXKICEI.
As you read the scroll labelled BINEQUXKICEI, it crumbles to dust.
It is a scroll of enchant armour.
1245 ||| ENCHANTING +0 cloak.
Your +0 cloak glows green for a moment.
1246 ||| READING scroll of enchant armour.
1246 ||| ENCHANTING +1 cloak.
As you read the scroll of enchant armour, it crumbles to dust.
Your +1 cloak glows green for a while.
Done exploring.
1247 ||| DROPPING scroll of silence.
You drop a scroll of silence.
Done exploring.
What level of the Dungeon? (default 2, ? - help) Sorry, I don't know how to get there.
Enter note:
Enter note:
Enter note:
Enter note:
Enter note:
Enter note: You are engulfed in poison gas.
You are lethally poisoned!
You feel very sick.
1249 ||| Stepping ~*~*~tactically~*~*~ (cloud).
You feel sick.
You see here a scroll of silence.
There is a lethal amount of poison in your body!
You feel very sick.
There is a lethal amount of poison in your body!
You feel sick.
There is a lethal amount of poison in your body!
You feel sick.
There is a lethal amount of poison in your body!
You feel sick.
There is a lethal amount of poison in your body!
You die...

#.###.# #.....# #.###.#
#.#¤#.# #.¤¤#.# ######
###¤#.# #...)####
#¤#.######## ........#
#####¤#.##.....#
.###.##.#
#¤0¤0@#.##.###.#
.....##.##########.##.#
#.#
.######..%.#.....#.##.#
#.#
.#########.#.###.#....#
#.#
...............#.#.####
#.#
.#############.#.#####
#># ..........#
#.......# #.#
.......##.######[###.#
#.# .....<.+...>...%.#
#.# #.#


There were no monsters in sight!

Vanquished Creatures
  2 adders (D:2)
  A dart slug (D:1)
  4 endoplasms (D:2)
  2 giant cockroaches (D:2)
  5 goblins (D:1)
  6 hobgoblins
  2 jackals (D:1)
  3 ball pythons
  4 bats (D:1)
  2 frilled lizards (D:1)
  5 kobolds
  2 rats (D:2)
38 creatures vanquished.

Notes
Turn   | Place    | Note
-------+----------+-------------------------------------------
     0 | D:1      | qw the Spriggan Hunter began the quest for the Orb.
     0 | D:1      | Reached XP level 1. HP: 10/10 MP: 2/2
     0 | D:1      | 0 ||| qw: Version: 0.3-a-155-g5e7d8dd
     0 | D:1      | 0 ||| qw: Game counter: 1186
     0 | D:1      | 0 ||| qw: Melee chars always use a shield: true
     0 | D:1      | 0 ||| qw: God list: Okawaru
     0 | D:1      | 0 ||| qw: Allow faded altars: false
     0 | D:1      | 0 ||| qw: Do Orc after clearing Dungeon:15 true
     0 | D:1      | 0 ||| qw: Do second Lair branch before Depths: true
     0 | D:1      | 0 ||| qw: Lair rune preference: random
     0 | D:1      | 0 ||| qw: Goals: Normal
     0 | D:1      | 0 ||| PLANNING D:1-11
    27 | D:1      | Reached skill level 3 in Dodging
    65 | D:1      | Reached XP level 2. HP: 11/14 MP: 3/3
   510 | D:1      | 510 ||| READING scroll labelled MEMMIEWNONA.
   537 | D:1      | 537 ||| READING scroll labelled XEMOT BOVEDU.
   538 | D:1      | 538 ||| READING scroll labelled KOMYUG ZOCA.
   538 | D:1      | 538 ||| IDENTIFYING sapphire potion
   539 | D:1      | 539 ||| DROPPING scroll of butterflies.
   540 | D:1      | 540 ||| DROPPING potion of invisibility.
   577 | D:2      | Reached XP level 3. HP: 17/18 MP: 4/4
  1087 | D:2      | Reached skill level 5 in Ranged Weapons
  1136 | D:2      | 1136 ||| UPGRADING to +0 cloak.
  1141 | D:2      | 1141 ||| READING scroll labelled MIUCAF NYHOVU.
  1142 | D:2      | 1142 ||| READING 2 scrolls labelled UTODACL PEJORGH.
  1243 | D:2      | 1243 ||| READING scroll labelled YKHUEDGH OLECW.
  1244 | D:2      | 1244 ||| READING scroll labelled REPPIE ZOULADD.
  1245 | D:2      | 1245 ||| READING 2 scrolls labelled BINEQUXKICEI.
  1245 | D:2      | 1245 ||| ENCHANTING +0 cloak.
  1246 | D:2      | 1246 ||| READING scroll of enchant armour.
  1246 | D:2      | 1246 ||| ENCHANTING +1 cloak.
  1247 | D:2      | 1247 ||| DROPPING scroll of silence.
  1249 | D:2      | 1249 ||| Stepping ~*~*~tactically~*~*~ (cloud).
  1251 | D:2      | HP: 4/18 [poisoned by you (poison gas)]
  1253 | D:2      | HP: 1/18 [poisoned by you (poison gas)]
  1254 | D:2      | Succumbed to their own poison gas

Levels and vault maps discovered:
D:1:      dpeg_arrival_simpleton_c, layout_rooms
D:2:      layout_basic, minmay_pentomino_p2

Skill      XL: |  1  2  3 |
---------------+----------+-----
Dodging        | 3 4 |  4.0
Ranged Weapons | 5 |  5.0
Fighting       | |  1.5
Stealth        | |  1.5

Action                     || total
---------------------------++-------
   Fire: Shortbow          ||   123
    Use: Scroll            ||     9
 Armour: Robe              ||    14
  Dodge: Dodged            ||    53

Table legend:
 A = Non-vault XP
 B = Vault XP
 C = Vault XP percentage of total XP
 D = Non-vault monster count
 E = Vault monster count
 F = Vault count percentage of total count
                 A         B        C        D         E       F
            +---------+---------+-------+---------+---------+-------
      Total |      85 |       2 |   2.3 |      37 |       1 |   2.6
            +---------+---------+-------+---------+---------+-------
        D:1 |      37 |       0 |   0.0 |      21 |       0 |   0.0
        D:2 |      48 |       2 |   4.0 |      16 |       1 |   5.9
            +---------+---------+-------+---------+---------+-------
